Map: Frozen Temple

Players

Miszu - Winner!

  • Race: Terran Terran
  • League: Master

Sziky

  • Race: Zerg Zerg
  • League: Grandmaster

VOD

Have the link to the VOD?

Description

Time

  • Played on: April 25, 2016, 2:05 p.m.
  • Length: 19:42
Show
View Real Time Build Order
Export as new Build Order

Miszu Terran - Winner!

Build Orders: Reaper Expand, Hellion Banshee 

Get SALT Encoding   

  12  0:00  SCV  
  13  0:13  SCV  
  14  0:18  Supply Depot  
  14  0:25  SCV  
  15  0:40  SCV  
  15  0:41  Barracks  
  16  0:45  Refinery  
  16  0:52  SCV  
  17  1:04  SCV  
  18  1:16  SCV  
  19  1:28  Orbital Command  
  19  1:29  Reaper  
  20  1:43  Command Center  
  20  1:54  SCV  
  21  2:00  Supply Depot  
  21  2:02  Marine  
  21  2:06  SCV  
  23  2:10  Factory  
  23  2:17  Refinery  
  23  2:22  SCV  
  24  2:26  Barracks Reactor  
  24  2:34  SCV  
  25  2:46  SCV  
  26  2:55  Starport  
  26  2:56  Orbital Command  
  27  2:58  SCV  
  27  3:08  Hellion  
  27  3:09  Hellion  
  27  3:10  SCV  
  32  3:22  SCV  
  32  3:24  Barracks Tech Lab, SCV  
  34  3:34  Hellion x2, SCV  
  37  3:36  SCV  
  37  3:40  Armory  
  39  3:47  SCV  
  40  3:48  SCV  
  40  3:50  Banshee  
  40  3:51  Cloaking Field  
  44  3:59  SCV  
  44  4:01  SCV  
  46  4:11  SCV  
  46  4:12  Hellion x2  
  46  4:13  Supply Depot  
  46  4:15  SCV  
  52  4:33  Hellion  
  52  4:34  Banshee  
  52  4:35  Hellion, SCV  
  52  4:36  SCV  
  61  4:40  Supply Depot  
  61  4:48  Command Center, SCV  
  62  4:55  Supply Depot  
  62  5:01  SCV x2  
  62  5:03  Hellion x2  
  68  5:13  SCV x2  
  62  5:29  Hellion x2, Banshee  
  62  5:32  Refinery x2, SCV  
  65  5:42  SCV  
  65  5:44  SCV  
  65  5:47  Terran Ship Weapons Level 1  
  65  5:48  Starport  
  66  5:50  Starport  
  66  5:54  Supply Depot x2  
  66  5:55  SCV  
  67  6:01  Orbital Command  
  66  6:05  Hellion  
  66  6:06  Hellion, SCV  
  66  6:07  SCV  
  66  6:08  Engineering Bay  
  71  6:22  SCV x2  
  71  6:24  Supply Depot  
  73  6:26  Supply Depot  
  73  6:29  Orbital Command  
  73  6:34  SCV x2  
  73  6:36  Starport Tech Lab, Banshee  
  73  6:37  Liberator x2  
  78  6:47  Factory Reactor  
  78  6:51  SCV x2  
  80  6:56  Refinery x2  
  80  7:00  Fusion Core  
  86  7:03  SCV x2  
  88  7:15  SCV x2  
  90  7:18  Banshee  
  93  7:35  Banshee  
  93  7:36  SCV x2  
  95  7:37  SCV  
  95  7:41  Liberator x2  
  95  7:44  Terran Ship Weapons Level 2  
  96  7:48  SCV x2  
  96  7:49  Supply Depot, SCV  
  96  7:50  Supply Depot  
  99  7:52  Command Center  
  99  7:54  Command Center  
  99  8:00  Hyperflight Rotors, SCV x2  
  99  8:01  SCV  
  99  8:02  Banshee  
  99  8:04  Hellion  
  113  8:12  SCV x2  
  115  8:13  SCV  
  115  8:17  Supply Depot  
  115  8:19  Supply Depot  
  116  8:21  Banshee  
  116  8:24  Liberator, SCV x2  
  116  8:25  Starport, SCV  
  116  8:26  Starport  
  122  8:33  Missile Turret  
  122  8:35  Liberator x2, Missile Turret x2  
  122  8:36  SCV x2  
  122  8:38  SCV  
  128  8:50  Missile Turret  
  128  8:51  Missile Turret  
  128  8:55  Missile Turret  
  134  9:03  Supply Depot  
  134  9:04  Supply Depot  
  134  9:07  Liberator  
  134  9:11  Liberator  
  134  9:15  Starport Tech Lab  
  134  9:17  Command Center, Refinery, Starport Tech Lab  
  134  9:19  Missile Turret  
  134  9:20  Refinery, Advanced Ballistics  
  140  9:37  Liberator  
  140  9:38  Liberator x2  
  140  9:39  Planetary Fortress  
  140  9:44  SCV x2  
  140  9:45  SCV  
  138  9:55  Missile Turret  
  138  9:56  SCV x2  
  138  9:57  Missile Turret, SCV, Liberator x2  
  150  10:02  Liberator  
  150  10:08  SCV x2  
  150  10:09  SCV  
  150  10:20  SCV x2  
  150  10:21  SCV  
  159  10:24  Liberator x3  
  159  10:26  Missile Turret  
  159  10:27  Missile Turret  
  159  10:32  SCV x2  
  159  10:33  Orbital Command  
  157  10:40  Liberator x2  
  159  10:45  Liberator  
  148  10:59  Missile Turret  
  148  11:02  Missile Turret  
  148  11:03  Hi-Sec Auto Tracking  
  157  11:04  Missile Turret  
  157  11:07  Liberator  
  155  11:20  Refinery  
  155  11:22  Liberator  
  155  11:23  Liberator  
  161  11:43  Planetary Fortress  
  156  11:49  Liberator x2  
  156  11:50  Hellion x2  
  156  11:53  Missile Turret, Liberator, SCV x2  
  156  11:54  SCV x3, Missile Turret  
  161  12:00  Building Armor  
  162  12:05  SCV  
  162  12:06  Command Center, SCV x2  
  171  12:08  Command Center  
  171  12:09  Command Center  
  171  12:11  Hellion, Liberator  
  171  12:12  Liberator  
  164  12:22  Liberator  
  158  12:31  Liberator  
  158  12:32  Liberator  
  158  12:42  Liberator  
  164  12:54  Liberator  
  164  12:58  Liberator  
  152  13:05  Liberator  
  153  13:18  Orbital Command  
  153  13:19  Liberator x2  
  156  13:24  Liberator  
  150  13:43  Liberator  
  150  13:47  Missile Turret  
  153  13:48  Missile Turret  
  159  14:06  Refinery  
  159  14:07  Refinery, Liberator  
  156  14:10  Missile Turret  
  156  14:11  Banshee x2  
  162  14:19  Banshee  
  168  14:28  Missile Turret x2  
  168  14:30  Refinery x2, Missile Turret  
  168  14:31  Missile Turret x2  
  168  14:32  Missile Turret  
  168  14:48  Planetary Fortress  
  168  14:49  Planetary Fortress  
  168  14:51  Command Center  
  168  14:53  Command Center  
  165  15:05  Terran Vehicle And Ship Armor Level 1  
  177  15:10  Command Center  
  179  15:44  Viking  
  179  15:45  Viking x5  
  179  15:46  Starport x2  
  170  16:05  Orbital Command  
  170  16:06  Orbital Command  
  170  16:07  Armory  
  170  16:09  Factory, Hellion  
  170  16:10  Factory, Hellion  
  174  16:14  Viking x2  
  174  16:15  Viking  
  174  16:16  Factory  
  174  16:21  Missile Turret  
  174  16:26  Missile Turret  
  174  16:31  Hellion x2  
  175  16:49  Starport Reactor  
  175  16:51  Starport Tech Lab  
  175  16:52  Hellion, Orbital Command  
  177  16:54  Viking  
  177  16:55  Viking, Factory Tech Lab  
  177  16:58  Terran Vehicle Weapons Level 1  
  177  17:00  Terran Ship Weapons Level 3  
  181  17:02  Hellion  
  181  17:07  Missile Turret  
  183  17:12  Viking x3  
  189  17:19  Hellion  
  189  17:20  Hellion, Infernal Pre-Igniter  
  191  17:24  Hellion  
  180  17:40  Hellion  
  180  17:42  Hellion  
  181  17:45  Hellion  
  180  18:06  Hellion  
  179  18:17  Viking x3  
  179  18:18  Viking  
  184  18:22  Hellion  
  184  18:23  Hellion  
  188  18:28  Hellion  
  187  18:43  Hellion  
  187  18:44  Hellion  
  187  18:46  SCV x4  
  187  18:47  SCV x5  
  194  19:05  Hellion  
  194  19:06  Hellion  
  194  19:09  Hellion  
Show
View Real Time Build Order
Export as new Build Order

Sziky Zerg 

Build Orders: Hatch First 

Get SALT Encoding   

  12  0:02  Drone  
  13  0:12  Overlord  
  13  0:17  Drone  
  14  0:32  Drone x2  
  14  0:35  Drone  
  17  0:53  Hatchery  
  17  0:55  Drone  
  17  0:58  Drone  
  18  1:09  Extractor  
  17  1:13  Spawning Pool  
  17  1:16  Drone  
  17  1:20  Drone  
  18  1:30  Overlord  
  18  1:41  Drone  
  19  2:00  Zergling x2  
  19  2:01  Zergling x2, Queen  
  21  2:05  Zergling x2, Queen  
  26  2:09  Metabolic Boost  
  26  2:12  Drone  
  27  2:15  Drone  
  29  2:22  Drone  
  29  2:26  Drone  
  30  2:36  Queen  
  30  2:41  Queen  
  30  2:44  Drone x2  
  35  2:51  Overlord  
  36  3:11  Hatchery  
  35  3:18  Drone x2  
  35  3:19  Drone x3  
  40  3:25  Drone x2  
  42  3:28  Drone x2  
  44  3:34  Overlord  
  44  3:39  Overlord  
  44  3:51  Extractor  
  44  3:52  Extractor, Queen  
  44  3:54  Drone x2  
  44  3:55  Drone x2  
  48  3:59  Drone x2  
  48  4:10  Roach Warren, Drone x2  
  48  4:11  Drone  
  48  4:13  Drone  
  48  4:14  Drone  
  48  4:15  Drone  
  53  4:23  Drone  
  54  4:27  Queen  
  54  4:28  Zergling x6  
  59  4:31  Drone x2  
  59  4:35  Drone  
  61  4:39  Queen  
  61  4:43  Overlord  
  63  4:49  Lair  
  63  4:54  Roach  
  65  5:03  Roach  
  65  5:04  Roach x3  
  72  5:07  Roach  
  72  5:10  Spore Crawler  
  72  5:11  Spore Crawler  
  72  5:12  Roach  
  72  5:13  Overlord  
  71  5:27  Roach x2  
  73  5:31  Overlord  
  73  5:34  Overlord  
  71  5:40  Drone x7  
  71  5:41  Drone  
  79  5:43  Spore Crawler  
  78  5:53  Overseer  
  78  5:54  Queen  
  78  5:57  Drone x3  
  78  5:59  Drone x2  
  78  6:00  Drone x2  
  85  6:04  Drone, Spore Crawler  
  85  6:05  Drone  
  85  6:10  Drone x2  
  84  6:12  Overlord  
  84  6:13  Glial Reconstitution  
  84  6:16  Drone x2  
  84  6:18  Drone x2  
  84  6:20  Drone  
  81  6:29  Spire  
  81  6:30  Spore Crawler  
  79  6:35  Spore Crawler  
  79  6:36  Extractor, Roach x3  
  79  6:37  Extractor  
  79  6:38  Roach  
  84  6:41  Roach  
  84  6:43  Roach x2  
  84  6:45  Roach  
  92  6:48  Roach  
  92  6:50  Roach  
  92  6:52  Roach x2  
  100  6:56  Roach x2  
  100  6:57  Roach  
  100  7:01  Overlord  
  106  7:04  Overlord  
  103  7:21  Queen  
  100  7:25  Drone x4  
  100  7:26  Drone x3  
  100  7:27  Drone x2  
  108  7:40  Overlord x2  
  108  7:44  Overlord x2  
  108  7:57  Extractor  
  107  7:58  Hatchery  
  107  7:59  Mutalisk x4  
  107  8:00  Mutalisk x2  
  107  8:03  Mutalisk  
  107  8:05  Mutalisk  
  122  8:07  Mutalisk  
  122  8:11  Drone x2  
  122  8:12  Drone x2  
  128  8:16  Evolution Chamber  
  128  8:19  Evolution Chamber  
  126  8:21  Zerg Flyer Weapons Level 1  
  126  8:23  Overseer  
  126  8:26  Pneumatized Carapace  
  126  8:36  Drone x2  
  126  8:40  Infestation Pit  
  127  8:44  Mutalisk x3  
  127  8:45  Mutalisk x2  
  137  8:50  Drone x2  
  139  8:59  Spore Crawler  
  139  9:00  Corruptor x3, Spore Crawler  
  143  9:04  Corruptor  
  145  9:10  Corruptor  
  145  9:12  Drone x4  
  151  9:18  Zerg Missile Weapons Level 1  
  151  9:20  Corruptor  
  151  9:23  Spore Crawler  
  152  9:26  Corruptor  
  154  9:31  Drone x3  
  154  9:32  Drone x2  
  154  9:34  Drone, Spore Crawler  
  159  9:41  Hydralisk Den  
  158  9:46  Corruptor  
  158  9:49  Overlord x2  
  158  9:50  Overlord x2  
  160  10:00  Overlord x3  
  160  10:04  Overlord  
  160  10:09  Corruptor x2  
  160  10:10  Corruptor  
  152  10:17  Corruptor x2  
  152  10:20  Corruptor  
  158  10:21  Corruptor  
  158  10:27  Extractor, Drone x4  
  163  10:28  Extractor  
  138  10:43  Mutalisk x2  
  138  10:49  Mutalisk x2  
  132  10:54  Corruptor  
  132  10:56  Zergling x12  
  136  11:02  Zerg Flyer Armor Level 1  
  136  11:03  Drone x2  
  134  11:04  Drone  
  134  11:05  Drone x2  
  134  11:07  Drone x3  
  134  11:08  Corruptor  
  142  11:17  Corruptor x2  
  146  11:22  Corruptor  
  146  11:23  Drone x3  
  146  11:24  Queen  
  153  11:29  Hatchery  
  152  11:34  Corruptor x2  
  152  11:37  Corruptor  
  152  11:39  Corruptor  
  158  11:46  Corruptor  
  160  11:48  Corruptor  
  158  11:56  Corruptor  
  160  12:01  Overseer  
  160  12:03  Corruptor, Hatchery  
  160  12:04  Spore Crawler  
  160  12:05  Spore Crawler  
  160  12:08  Overlord, Corruptor  
  159  12:10  Zergling x2  
  159  12:11  Zergling x12  
  168  12:15  Corruptor  
  168  12:23  Corruptor x2  
  168  12:24  Corruptor  
  168  12:33  Corruptor x2  
  172  12:42  Corruptor  
  174  12:48  Drone x3  
  174  12:49  Drone x2  
  169  13:00  Corruptor x3  
  169  13:01  Corruptor  
  169  13:05  Hive  
  179  13:12  Drone x2  
  179  13:13  Spore Crawler x2, Drone x3  
  180  13:21  Drone x3  
  180  13:22  Drone  
  180  13:23  Zerg Missile Weapons Level 2  
  143  13:34  Corruptor x2  
  143  13:37  Corruptor x3  
  143  13:38  Corruptor  
  143  13:40  Queen  
  133  13:47  Spore Crawler  
  132  13:48  Spore Crawler x2  
  132  13:55  Spore Crawler, Drone x4  
  133  13:56  Drone  
  133  13:57  Spore Crawler, Drone  
  133  14:01  Spore Crawler  
  133  14:03  Spore Crawler  
  133  14:04  Zerg Flyer Weapons Level 2  
  133  14:08  Hydralisk  
  133  14:09  Roach  
  136  14:10  Roach  
  136  14:12  Roach  
  136  14:16  Roach x2  
  146  14:17  Roach  
  146  14:18  Hatchery  
  146  14:21  Roach x3  
  146  14:23  Roach  
  152  14:36  Viper x4  
  164  14:40  Extractor, Roach x3  
  164  14:41  Extractor  
  164  14:44  Roach x2  
  170  14:48  Drone x3  
  168  14:53  Spine Crawler  
  168  14:55  Spine Crawler  
  168  14:56  Hatchery  
  163  15:01  Hydralisk x3  
  163  15:04  Hydralisk  
  163  15:05  Hydralisk  
  173  15:08  Hydralisk  
  173  15:10  Hydralisk  
  173  15:13  Hydralisk  
  177  15:15  Hydralisk  
  177  15:17  Hydralisk  
  177  15:21  Hydralisk  
  183  15:23  Hydralisk  
  183  15:27  Hydralisk  
  183  15:28  Hydralisk  
  177  15:41  Hydralisk x5  
  185  15:44  Drone x3  
  185  15:45  Drone  
  189  15:50  Drone x3  
  189  15:51  Drone x2  
  190  16:01  Ravager x4  
  190  16:02  Drone x2  
  190  16:03  Drone  
  190  16:04  Drone  
  190  16:11  Hydralisk x2  
  190  16:12  Hydralisk  
  190  16:15  Spore Crawler  
  190  16:16  Spore Crawler  
  190  16:17  Spore Crawler  
  193  16:25  Hydralisk x3  
  191  16:26  Hydralisk x2  
  191  16:28  Hydralisk x2  
  189  16:37  Hydralisk x3  
  189  16:39  Hydralisk x2  
  197  16:45  Hydralisk  
  193  17:30  Viper x3  
  193  17:35  Hatchery  
  193  17:36  Hatchery  
  194  17:43  Viper  
  184  17:54  Hydralisk x4  
  184  17:55  Hydralisk x3  
  194  17:59  Drone x5  
  194  18:00  Drone  
  198  18:14  Hydralisk  
  198  18:15  Hydralisk  
  198  18:18  Hydralisk x2  
  198  18:25  Hydralisk  
  196  18:36  Drone x2  
  197  18:49  Corruptor  
Tags
 
Add a new tag
Caveats
  • Supply blocks, unpowered buildings, or Contaminate may cause inaccurate times.
  • Supply counts are checked every 10 seconds.